[Event "GER-ch Youth U12M 2018"]
[Site "Willingen"]
[Date "2018.05.25"]
[Round "10"]
[White "Hommer, Jeremy"]
[Black "Hecht, Jonas Christian"]
[Result "1-0"]
[ECO "B31"]
[WhiteElo "1897"]
[BlackElo "1713"]
[Annotator "NA RC"]
[PlyCount "101"]
[EventDate "2018.05.19"]
[EventType "swiss"]
[EventCountry "GER"]
[SourceTitle "playchess.com"]
[Source "ChessBase"]
[SourceQuality "1"]
[TimeControl "40/4500+30:900+30"]

1. e4 c5 2. Nf3 Nc6 3. Bb5 g6 4. Bxc6 bxc6 5. d3 Bg7 6. O-O Nf6 7. h3 {[%emt 0:02:50] B31: Sizilianisch (Rossolimo-Variante)} (7. e5 Nd5 8. Re1 O-O 9. Nbd2 f6 10. c4 Nc7 11. exf6 Rxf6 12. Ne4 Rf8 13. Nxc5 d6 14. Ne4 Bg4 15. Ned2 Qd7 16. h3 Bh5 {½-½ (28) Bergez,L (2342)-Cornette,M (2579) Drancy 2016}) 7... O-O 8. c3 Rb8 9. Qc2 d6 10. Re1 $146 ({Vorgänger:} 10. Be3 Ne8 11. Nbd2 f5 12. exf5 Bxf5 {0-1 (25) Schenker,L (1651)-Rumyantsev,V (1934) ICCF email 2015}) 10... Qb6 11. Nbd2 Ba6 12. Nf1 Rfd8 13. Rb1 Nd7 14. Be3 Qc7 15. a4 Rb7 16. b4 cxb4 17. Rxb4 Rdb8 18. Reb1 c5 19. Rxb7 Rxb7 20. Rxb7 Qxb7 21. d4 cxd4 22. cxd4 Nb6 23. N1d2 Qc8 24. Qb3 Qc1+ 25. Kh2 Qa1 26. Ng5 d5 27. Qb4 Bf8 28. a5 e6 29. Qb3 Qxa5 30. Ndf3 h6 31. Nxf7 Kxf7 32. Ne5+ Ke8 33. Nxg6 Bg7 34. Qc2 Bc4 35. Nf4 Qa4 36. Qb1 Qb3 37. Qa1 Qa2 38. Qd1 Qa3 (38... dxe4 $15 39. Qh5+ Kd8) 39. Qg4 Qe7 40. Nxe6 Bf6 41. e5 Kf7 42. exf6 Qxe6 43. Qg7+ Ke8 44. Qh8+ Kf7 45. Qg7+ Ke8 46. Qxh6 Nd7 47. Qh8+ Kf7 $1 48. Qg7+ $16 ({White should play} 48. Qh7+ $11 Kxf6 49. g4 Qd6+ 50. Kg1) 48... Ke8 49. Bg5 a5 50. Qh8+ Kf7 51. Qh5+ 1-0

[Event "GER-ch Youth U12M 2018"]
[Site "Willingen"]
[Date "2018.05.25"]
[Round "10"]
[White "Laux, Dominik"]
[Black "Metzdorf, Matteo"]
[Result "1/2-1/2"]
[ECO "A40"]
[WhiteElo "1889"]
[BlackElo "1832"]
[Annotator "NA"]
[PlyCount "44"]
[EventDate "2018.05.19"]
[EventType "swiss"]
[EventCountry "GER"]
[SourceTitle "playchess.com"]
[Source "ChessBase"]
[SourceQuality "1"]
[TimeControl "40/4500+30:900+30"]

1. d4 e6 2. Bf4 Nf6 3. e3 c5 4. c3 b6 5. Nd2 Be7 6. Bd3 Ba6 7. Bxa6 Nxa6 8. Ngf3 O-O 9. h3 d5 10. Ne5 Nb8 11. O-O Nfd7 12. Ndf3 f6 13. Nxd7 $11 Qxd7 14. Re1 Nc6 15. Qe2 Bd6 16. Bxd6 Qxd6 17. Rad1 Rfe8 18. e4 Rad8 19. exd5 exd5 20. Qxe8+ Rxe8 21. Rxe8+ Kf7 22. Re2 c4 1/2-1/2

[Event "GER-ch Youth U12M 2018"]
[Site "Willingen"]
[Date "2018.05.25"]
[Round "10"]
[White "Tham, Nam"]
[Black "Schubert, Nikita"]
[Result "1/2-1/2"]
[ECO "C54"]
[WhiteElo "1866"]
[BlackElo "1802"]
[Annotator "NA RC"]
[PlyCount "59"]
[EventDate "2018.05.19"]
[EventType "swiss"]
[EventCountry "GER"]
[SourceTitle "playchess.com"]
[Source "ChessBase"]
[SourceQuality "1"]
[TimeControl "40/4500+30:900+30"]

1. e4 e5 2. Nf3 Nc6 3. Bc4 Bc5 4. c3 Nf6 5. d3 O-O 6. Bb3 {[%emt 0:00:07] C54: Italienische Partie (Hauptvariante)} (6. Nbd2 d5 7. exd5 Nxd5 8. Ne4 Bb6 9. O-O Bg4 10. h3 Bh5 11. Ng3 Bg6 12. Re1 Re8 13. d4 Nf6 14. dxe5 Qxd1 15. Rxd1 Nxe5 16. Nxe5 {½-½ (16) Anand,V (2776)-Kramnik,V (2800) Moscow 2018}) 6... d5 7. Qe2 Be6 8. O-O Qe7 9. Nbd2 Rad8 $146 ({Vorgänger:} 9... dxe4 10. dxe4 Rad8 11. Nc4 a6 12. Bg5 h6 13. Bh4 Kh7 {1-0 (31) Weisbuch,U (2254)-Havik,V (2092) Gibraltar 2016}) 10. h3 dxe4 11. dxe4 Bxb3 12. axb3 Qe6 13. b4 Bb6 14. Nc4 Nd7 15. Re1 Ne7 16. Bg5 f6 17. Be3 Ng6 18. Nxb6 axb6 19. Red1 Ra8 20. Qc2 Rfd8 21. Nd2 Ndf8 22. Nf1 Qe8 23. Ng3 Ne6 24. Qb3 Kh8 25. Nf5 Ngf4 26. Kh2 (26. Rxa8 $14 Rxa8 27. Bxf4 Nxf4 28. Kh2) 26... Qc6 27. Bxf4 exf4 28. f3 Rxa1 $1 29. Rxa1 Qd7 $14 30. Qc4 1/2-1/2

[Event "GER-ch Youth U12M 2018"]
[Site "Willingen"]
[Date "2018.05.25"]
[Round "10"]
[White "Haack, Kevin"]
[Black "Bui, Bao Anh Le"]
[Result "1-0"]
[ECO "A20"]
[WhiteElo "1846"]
[BlackElo "1974"]
[Annotator "NA RC"]
[PlyCount "101"]
[EventDate "2018.05.19"]
[EventType "swiss"]
[EventCountry "GER"]
[SourceTitle "playchess.com"]
[Source "ChessBase"]
[SourceQuality "1"]
[TimeControl "40/4500+30:900+30"]

1. c4 e5 2. g3 c5 3. Bg2 Nc6 4. Nc3 g6 5. a3 Bg7 6. b4 d6 {[%emt 0:00:31] A36: Symmetrical English vs ...g6: 4 Bg2 Bg7} 7. Rb1 Nge7 8. d3 (8. b5 Na5 9. d3 h6 10. e4 O-O 11. Nge2 f5 12. exf5 Bxf5 13. O-O Kh7 14. Nd5 Nxd5 15. Bxd5 Nxc4 16. Bxc4 {½-½ (41) Iordachescu,V (2601)-Georgiev,V (2553) Condino 2014}) 8... O-O 9. e3 Qc7 10. Nge2 Be6 11. O-O $146 ({Predecessor:} 11. Ne4 f5 12. Ng5 f4 13. bxc5 dxc5 14. gxf4 Bg4 15. f3 {½-½ (68) Karasev,V (2414)-Hrabinska,M (2220) St Petersburg 2004}) 11... Rfd8 12. Nd5 Bxd5 13. cxd5 Nb8 14. bxc5 Qxc5 15. Rxb7 Nd7 16. Bd2 Qxa3 17. Rb3 Qa6 18. Bb4 Nb6 19. Qa1 Qxa1 20. Rxa1 f5 21. Nc3 Nec8 22. e4 Kf7 23. Bh3 Kf6 24. Nb5 Rd7 25. g4 a6 26. Rba3 axb5 27. Rxa8 Nxa8 28. Rxa8 Rc7 29. gxf5 g5 30. Rb8 h5 31. Rxb5 Ke7 32. f6+ Bxf6 33. Bxc8 Rxc8 34. Rb7+ Ke8 35. Bxd6 Rd8 36. Rb8 Rxb8 37. Bxb8 Kd7 38. f3 Kc8 39. Ba7 Kb7 40. Bf2 Ka6 41. Kg2 $18 Kb5 42. h4 Kb4 43. Kh3 Kc3 44. Bg3 Kxd3 45. hxg5 Bxg5 46. Bxe5 Ke3 47. Kg3 h4+ 48. Kg4 Bd8 49. Bf4+ Kd4 50. Bd2 Be7 51. Be1 {[%emt 0:00:00] Kxd5} 1-0

[Event "GER-ch Youth U12M 2018"]
[Site "Willingen"]
[Date "2018.05.25"]
[Round "10"]
[White "Bakiev, Diyor"]
[Black "Phan Trong, Dai"]
[Result "0-1"]
[ECO "C51"]
[WhiteElo "1752"]
[BlackElo "1579"]
[Annotator "NA RC"]
[PlyCount "154"]
[EventDate "2018.05.19"]
[EventType "swiss"]
[EventCountry "GER"]
[SourceTitle "playchess.com"]
[Source "ChessBase"]
[SourceQuality "1"]
[TimeControl "40/4500+30:900+30"]

1. e4 e5 2. Nf3 Nc6 3. Bc4 Bc5 4. b4 Bb6 5. a4 a6 6. O-O Nf6 7. Re1 O-O 8. d3 d6 9. c3 Be6 10. Nbd2 h6 11. h3 Nh5 12. Nxe5 Nxe5 13. Qxh5 Bxc4 14. dxc4 Nd3 15. Rf1 Qf6 16. Qf3 Bxf2+ 17. Rxf2 Qxc3 18. Rb1 Qd4 19. Nb3 Qxf2+ 20. Qxf2 Nxf2 21. Kxf2 Rae8 22. Nd2 f5 23. exf5 Rxf5+ 24. Nf3 Re4 25. Bd2 Rxc4 26. Rc1 Rxc1 27. Bxc1 a5 28. b5 Rc5 29. Bd2 b6 30. Nd4 Kf7 31. Ne2 Rc4 32. Nc3 Ke6 33. Ke3 h5 34. Kd3 d5 35. g3 h4 36. g4 Rb4 37. Bg5 d4 38. Ne2 Rxa4 39. Bxh4 Kd5 40. Bd8 Ra3+ 41. Kd2 d3 42. Nc1 Kd6 43. Nxd3 Rb3 44. h4 Rxb5 45. h5 a4 46. Bf6 gxf6 47. h6 Ra5 48. Nf4 Ra8 49. Kc2 Rh8 50. Kb2 Rxh6 51. Ka3 Rh4 52. Nh5 Rxg4 53. Nxf6 Rf4 54. Nh5 Rc4 55. Ng7 b5 56. Nf5+ Ke5 57. Ne7 c5 58. Nc6+ Kd6 59. Nd8 Rc3+ 60. Kb2 b4 61. Nb7+ Kc7 62. Na5 Kb6 63. Nc4+ Rxc4 64. Ka1 Rc2 65. Kb1 b3 66. Ka1 a3 67. Kb1 a2+ 68. Ka1 Rc1+ 69. Kb2 Rb1+ 70. Kc3 a1=Q+ 71. Kd3 Qd4+ 72. Ke2 Rd1 73. Kf3 Re1 74. Kg3 Rf1 75. Kh3 Qg7 76. Kh2 Rg1 77. Kh3 Qh7# 0-1

[Event "GER-ch Youth U12M 2018"]
[Site "Willingen"]
[Date "2018.05.25"]
[Round "10"]
[White "Garner, Isaac"]
[Black "Prieb, Robert"]
[Result "1/2-1/2"]
[ECO "B91"]
[WhiteElo "1751"]
[BlackElo "1709"]
[Annotator "NA RC"]
[PlyCount "80"]
[EventDate "2018.05.19"]
[EventType "swiss"]
[EventCountry "GER"]
[SourceTitle "playchess.com"]
[Source "ChessBase"]
[SourceQuality "1"]
[TimeControl "40/4500+30:900+30"]

1. e4 c5 2. Nf3 d6 3. d4 cxd4 4. Nxd4 Nf6 5. Nc3 a6 6. g3 e5 7. Nde2 Be7 8. Bg2 Be6 9. a4 Nbd7 10. O-O O-O 11. h3 Rc8 12. Be3 Nb6 13. b3 Qc7 14. a5 Nbd7 15. f4 Nc5 16. f5 Bd7 17. b4 Na4 18. Nxa4 Bxa4 19. Rxa4 Qxc2 20. Qxc2 Rxc2 21. Kf2 Rfc8 22. Rc1 Rxc1 23. Bxc1 Rc4 24. Ke3 d5 25. exd5 e4 26. Bd2 Nxd5+ 27. Kf2 Nxb4 28. Nc3 Bf6 29. Nxe4 Nd3+ 30. Ke2 Rxa4 31. Nxf6+ gxf6 32. Kxd3 Ra3+ 33. Bc3 Rb3 34. Bd5 Rb5 35. Kc4 b6 36. axb6 Rxb6 37. Kc5 Rb1 38. Bxf6 Rg1 39. Be5 Re1 40. Bc7 Rc1+ 1/2-1/2

[Event "GER-ch Youth U12M 2018"]
[Site "Willingen"]
[Date "2018.05.25"]
[Round "10"]
[White "Werner, Denis"]
[Black "Farokhi, Keyvan"]
[Result "1-0"]
[ECO "C47"]
[WhiteElo "1706"]
[BlackElo "1844"]
[Annotator "NA RC"]
[PlyCount "154"]
[EventDate "2018.05.19"]
[EventType "swiss"]
[EventCountry "GER"]
[SourceTitle "playchess.com"]
[Source "ChessBase"]
[SourceQuality "1"]
[TimeControl "40/4500+30:900+30"]

1. e4 e5 2. Nf3 Nc6 3. Nc3 Nf6 4. d4 exd4 5. Nxd4 Bb4 6. Nxc6 bxc6 7. Bd3 d5 8. exd5 O-O 9. O-O cxd5 10. Bg5 c6 11. Qf3 Rb8 12. Na4 {[%emt 0:04:42] C47: Scotch Four Knights and Four Knights with 4 g3} (12. Ne2 Bg4 13. Bxf6 Bxf3 14. Bxd8 Bxe2 15. Bxe2 Rfxd8 16. Rfd1 Be7 17. Rab1 Bf6 18. b3 Kf8 19. c4 dxc4 20. Bxc4 Rxd1+ 21. Rxd1 {½-½ (30) Kuzubov,Y (2646)-Kravtsiv,M (2657) Kocaeli 2017}) 12... Be7 13. h3 h6 14. Bf4 Bd6 15. b3 Be6 16. Rad1 c5 17. Nc3 d4 $146 ({Predecessor:} 17... Bxf4 18. Qxf4 Qa5 19. Ne2 Rb4 20. Qd2 Qc7 21. Ng3 {1-0 (48) Plazaola,M (2164)-Blagojevic,T (2004) Istanbul 2012}) 18. Ne4 Bxf4 19. Qxf4 Nxe4 20. Qxe4 g6 21. Rfe1 Re8 22. Qf4 Qg5 23. Qxg5 hxg5 24. Re5 g4 25. h4 Rbc8 26. Bb5 Red8 27. Bd3 Re8 28. Ba6 Bf5 29. Rxf5 gxf5 30. Bxc8 Rxc8 31. Re1 c4 32. Rd1 cxb3 33. cxb3 Rc2 34. Rxd4 Rxa2 35. Ra4 Rb2 36. Rxa7 Rxb3 37. Ra5 g3 38. fxg3 Rxg3 39. Kh2 Rg4 40. Kh3 Rb4 41. Rxf5 Kg7 42. Kg3 f6 43. Rf4 Rb5 44. Kg4 Rb2 45. g3 Rb5 46. Ra4 Kg6 47. Kf4 Rf5+ 48. Kg4 Rb5 49. Rf4 f5+ 50. Kf3 Rb3+ 51. Kg2 Ra3 52. Rb4 Ra6 53. Kf3 Rc6 54. Kf4 Ra6 55. Rd4 Rc6 56. Ke5 Rc3 57. Rd6+ Kg7 58. Kf4 Rb3 59. Re6 Rb1 60. Kxf5 Rg1 61. g4 Rf1+ 62. Kg5 Rf7 63. h5 Ra7 $18 64. h6+ Kh7 65. Kh5 Ra1 66. Re7+ Kg8 67. g5 Ra5 68. Re6 Kh7 69. Re7+ Kg8 70. Kg6 Ra6+ 71. Kf5 Ra5+ 72. Kf6 Ra8 73. g6 Kh8 74. Re6 Rg8 75. Rd6 Rf8+ 76. Ke7 Rf7+ 77. gxf7 Kh7 1-0

[Event "GER-ch Youth U12M 2018"]
[Site "Willingen"]
[Date "2018.05.25"]
[Round "10"]
[White "Rössel, Gino"]
[Black "May, Ben-Iven"]
[Result "1/2-1/2"]
[ECO "C90"]
[WhiteElo "1705"]
[BlackElo "1769"]
[Annotator "NA RC"]
[PlyCount "104"]
[EventDate "2018.05.19"]
[EventType "swiss"]
[EventCountry "GER"]
[SourceTitle "playchess.com"]
[Source "ChessBase"]
[SourceQuality "1"]
[TimeControl "40/4500+30:900+30"]

1. e4 e5 2. Nf3 Nc6 3. Bb5 a6 4. Ba4 Nf6 5. d3 d6 6. c3 Be7 7. O-O O-O 8. Re1 b5 9. Bb3 Na5 10. Bc2 c5 11. Nbd2 Re8 12. Nf1 Bf8 13. Bg5 Be7 14. Ng3 h6 15. Bc1 Bf8 16. d4 Qc7 17. d5 g6 18. h3 Bg7 19. Nh2 Qe7 20. f4 Nd7 21. f5 g5 22. Nh5 f6 23. g3 Rb8 24. h4 Nb7 25. hxg5 hxg5 26. Nxg7 Kxg7 27. Ng4 Nd8 28. Kg2 Nf7 29. Be3 Bb7 30. Rh1 Rh8 31. Qe2 Nb6 32. b3 Nxd5 33. Rxh8 Nxe3+ 34. Qxe3 Rxh8 35. Rh1 Rxh1 36. Kxh1 d5 37. exd5 Bxd5+ 38. Be4 Qb7 39. Bxd5 Qxd5+ 40. Kh2 Nd6 41. Qf2 Qd3 42. Qxc5 Qe2+ 43. Nf2 Nxf5 44. g4 Nh6 45. Kg3 Nf7 46. Qc6 Qe3+ 47. Kg2 Qf4 48. c4 bxc4 49. bxc4 f5 50. gxf5 Qxf5 51. c5 g4 52. Qe4 Qxe4+ 1/2-1/2

[Event "GER-ch Youth U12M 2018"]
[Site "Willingen"]
[Date "2018.05.25"]
[Round "10"]
[White "Schulemann, Gero"]
[Black "Huo, Da"]
[Result "1/2-1/2"]
[ECO "C54"]
[WhiteElo "1700"]
[BlackElo "1790"]
[Annotator "NA"]
[PlyCount "51"]
[EventDate "2018.05.19"]
[EventType "swiss"]
[EventCountry "GER"]
[SourceTitle "playchess.com"]
[Source "ChessBase"]
[SourceQuality "1"]
[TimeControl "40/4500+30:900+30"]

1. e4 e5 2. Nf3 Nc6 3. Bc4 Bc5 4. c3 Nf6 5. d3 d6 6. a4 a6 7. Na3 Ba7 8. Nc2 h6 9. Be3 Bg4 10. Bxa7 Nxa7 11. Ne3 Qd7 12. b4 Be6 13. Bxe6 fxe6 14. Qb1 O-O 15. O-O Nh5 16. d4 exd4 17. Nxd4 Nc6 18. Nxc6 Qxc6 19. c4 Qe8 20. f3 Qg6 21. Kh1 Qg5 22. Qe1 Nf4 23. Rd1 Rae8 24. Rd2 Qe7 25. b5 axb5 26. axb5 1/2-1/2

[Event "GER-ch Youth U12M 2018"]
[Site "Willingen"]
[Date "2018.05.25"]
[Round "10"]
[White "Chassard, Cedric"]
[Black "Foerster-Yialamas, Lucas"]
[Result "1/2-1/2"]
[ECO "B92"]
[WhiteElo "1590"]
[BlackElo "1924"]
[Annotator "NA"]
[PlyCount "75"]
[EventDate "2018.05.19"]
[EventType "swiss"]
[EventCountry "GER"]
[SourceTitle "playchess.com"]
[Source "ChessBase"]
[SourceQuality "1"]
[TimeControl "40/4500+30:900+30"]

1. e4 c5 2. Nf3 d6 3. d4 cxd4 4. Nxd4 Nf6 5. Nc3 a6 6. Be2 e5 7. Nb3 Be6 8. Bg5 Be7 9. O-O Nbd7 10. Kh1 O-O 11. f4 exf4 12. Bxf4 Ne5 13. Nd4 Qc7 14. Nxe6 fxe6 15. Bxe5 dxe5 16. Qd3 b5 17. Qh3 Qc6 18. a3 b4 19. axb4 Bxb4 20. Na2 Ba5 21. b4 Bc7 22. Qc3 Qxc3 23. Nxc3 Bd6 24. b5 Rac8 25. Rxa6 Rxc3 26. Rxd6 Rxc2 27. Bf3 Nxe4 28. Rd7 Nd2 29. Ra1 Nxf3 30. gxf3 Rb2 31. Raa7 Rxf3 32. Rxg7+ Kf8 33. Kg1 e4 34. Rxh7 Rb1+ 35. Kg2 Rb2+ 36. Kg1 Kg8 37. Rag7+ Kf8 38. Ra7 1/2-1/2

[Event "GER-ch Youth U12M 2018"]
[Site "Willingen"]
[Date "2018.05.25"]
[Round "10"]
[White "Lehmann, Nils"]
[Black "Weidenhoefer, Max"]
[Result "1/2-1/2"]
[ECO "B18"]
[WhiteElo "1558"]
[BlackElo "1709"]
[Annotator "NA RC"]
[PlyCount "161"]
[EventDate "2018.05.19"]
[EventType "swiss"]
[EventCountry "GER"]
[SourceTitle "playchess.com"]
[Source "ChessBase"]
[SourceQuality "1"]
[TimeControl "40/4500+30:900+30"]

1. e4 c6 2. d4 d5 3. Nc3 dxe4 4. Nxe4 Bf5 5. Ng3 Bg6 6. Nf3 Nd7 7. Bc4 e6 8. O-O Ngf6 9. Re1 Be7 10. Nh4 O-O 11. Nxg6 hxg6 12. c3 Nb6 13. Bb3 Nbd5 14. Qf3 Qc7 15. Ne4 Nxe4 16. Rxe4 Rfd8 17. g3 Rd7 18. Kg2 Rad8 19. h4 Nf6 20. Re1 c5 21. dxc5 Bxc5 22. Bc2 Qb6 23. Rh1 Rd2 24. Bxd2 Rxd2 25. Rhf1 Rxc2 26. b3 Nd5 27. b4 Bd6 28. Rfc1 Rxc1 29. Rxc1 Qc6 30. a3 Qc4 31. h5 g5 32. h6 gxh6 33. Qh5 Kg7 34. Rh1 Qe4+ 35. Kf1 Qg6 36. Qf3 g4 37. Qd1 Be7 38. c4 Qe4 39. Kg1 Qxc4 40. Qa4 Qe2 41. Qxa7 b6 42. Rh5 Qe1+ 43. Kg2 Qe2 44. Kg1 Nf6 45. Rh1 Bd8 46. Qb8 Ne4 47. Qf4 Bg5 48. Qe5+ Bf6 49. Qf4 Bg5 50. Qe5+ Kh7 51. Qd4 Bd8 52. Rh2 e5 53. Qe3 Qxe3 54. fxe3 Nxg3 55. Rd2 Bg5 56. Kg2 Ne4 57. Rd7 Kg6 58. Rd3 h5 59. a4 h4 60. a5 bxa5 61. bxa5 Nc5 62. Rd5 Bxe3 63. Rxe5 h3+ 64. Kf1 Bf2 65. a6 Nxa6 66. Kxf2 Nc7 67. Kg3 f5 68. Kf4 h2 69. Re1 Nd5+ 70. Kg3 Kg5 71. Kxh2 Nf6 72. Re6 Ne4 73. Kg2 Kf4 74. Re8 Ke3 75. Ra8 f4 76. Ra3+ Ke2 77. Ra2+ Nd2 78. Rb2 Ke1 79. Ra2 f3+ 80. Kg3 f2 81. Ra1+ 1/2-1/2